 Dungeon Crawl Stone Soup version 0.28-a0-1033-g1a2f33fa85 (webtiles) character file.

Game seed: 3249330844483311470

310 ytrimaz the Insei (level 6, -2/41 HPs)
             Began as an Octopode Transmuter on Dec 7, 2021.
             Slain by Grinder (3 damage)
             ... while paralysed by Grinder
             ... on level 4 of the Dungeon.
             The game lasted 00:03:31 (4207 turns).

ytrimaz the Insei (Octopode Transmuter)             Turns: 4207, Time: 00:03:32

Health: -2/41      AC:  1    Str: 10    XL:     6   Next: 41%
Magic:  9/10       EV:  2    Int: 17    God:
Gold:   1007       SH:  0    Dex: 12    Spells: 6/10 levels left

rFire   . . .      SeeInvis .     - Unarmed
rCold   . . .      Faith    .   (no shield)
rNeg    . . .      Spirit   .   (helmet restricted)
rPois   .          Reflect  .   (no amulet)
rElec   .          Harm     .   e - ring of flight
rCorr   .          Rampage  .   (no ring)
Will    .....                   (no ring)
Stlth   ++........              (no ring)
HPRegen 0.13/turn               (no ring)
MPRegen 0.12/turn               (no ring)
                                (no ring)
                                (no ring)

@: paralysed, flying
A: almost no armour, amphibious, 8 rings, camouflage 1, gelatinous body 1,
(nimble swimmer 1), tentacles
a: no special abilities


You were on level 4 of the Dungeon.
You visited 1 branch of the dungeon, and saw 4 of its levels.

You collected 1007 gold pieces.

Inventory:

Missiles
 c - a throwing net
Jewellery
 e - a ring of flight (left tentacle)
Scrolls
 b - a scroll of amnesia
 f - 2 scrolls of enchant weapon
 i - a scroll of identify
Potions
 a - a potion of curing {unknown}
 d - a potion of heal wounds
 g - a potion of haste
 h - 2 potions of attraction {unknown}


   Skills:
 * Level 2.7 Fighting
 - Level 2.0 Dodging
 + Level 5.6 Unarmed Combat
 + Level 2.7 Spellcasting
 + Level 2.7 Transmutations
 + Level 0.4 Poison Magic


You had 6 spell levels left.
You knew the following spells:

 Your Spells              Type           Power      Damage    Failure   Level
a - Beastly Appendage     Tmut           22%        N/A       6%          1
b - Spider Form           Tmut/Pois      7%         N/A       28%         3

Your spell library contained the following spells:

 Spells                   Type           Power      Damage    Failure   Level
 Wereblood                Tmut           11%        N/A       9%          2
 Ice Form                 Ice/Tmut       7%         N/A       71%         4


Dungeon Overview and Level Annotations

Branches:
Dungeon (4/15)
 Temple: D:4-7

Altars:
Makhleb
Trog
Zin
Beogh

Shops:
D:3 [

Annotations:
D:4 Grinder


Innate Abilities, Weirdness & Mutations

You cannot wear most types of armour.
You are amphibious.
You can wear up to eight rings at the same time.
Your skin changes colour to match your surroundings (Stealth+).
Your rubbery body absorbs attacks. (AC +1, EV +1)
((You are camouflaged near water. (Stealth+)))
You have tentacles for arms and can constrict up to eight enemies at once.


Message History

Grinder is moderately wounded.
The ufetubus misses you. The ufetubus closely misses you.
Grinder gestures at you.
You barely resist. The ufetubus barely misses you. The ufetubus misses you.
You hit Grinder but do no damage.
Grinder is moderately wounded.
The ufetubus closely misses you. The ufetubus hits you. Grinder misses you.
You barely miss Grinder.
Grinder is heavily wounded.
The ufetubus hits you. The ufetubus misses you.
Grinder blinks!
The ufetubus misses you. The ufetubus closely misses you.
The ufetubus completely misses you. The ufetubus misses you.
Unknown command.
You barely miss the ufetubus. The ufetubus barely misses you.
The ufetubus misses you.
You hit the ufetubus.
The ufetubus is moderately wounded.
The ufetubus misses you. The ufetubus barely misses you.
Grinder blinks!
The ufetubus closely misses you. x2
You closely miss the ufetubus.
The ufetubus is moderately wounded.
The ufetubus completely misses you. The ufetubus closely misses you.
Unknown command.
You barely miss the ufetubus.
The ufetubus is moderately wounded.
The ufetubus hits you. The ufetubus barely misses you.
You closely miss the ufetubus.
The ufetubus is moderately wounded.
The ufetubus closely misses you. The ufetubus barely misses you. x2
The ufetubus hits you.
* * * LOW HITPOINT WARNING * * *
You bite the ufetubus!
You kill the ufetubus!
Grinder gestures at you.
You suddenly lose the ability to move!
Your transformation has ended.
Grinder hits you!
* * * LOW HITPOINT WARNING * * *
You writhe in agony.
You die...

..........#.##.#.#.
##...[..#.#.##.#...
...................
##..#####.#.##.###.
### #.#........
######..#.....
.#...##..# ....
...8...5.# ...
.#...#.@.# .. ###
##..# . #..# #..#
...# ...# ....
...##


You could see Grinder (poisoned).

Vanquished Creatures
  A bullfrog (D:3)
  A bullfrog zombie (D:3)
  3 iron imps (D:3)
  3 adders (D:2)
  A gnoll (D:1)
  An ufetubus (D:4)
  A worm (D:2)
  4 dart slugs (D:1)
  2 orcs (D:3)
  7 ball pythons
  11 bats
  4 endoplasms
  7 giant cockroaches
  3 goblins
  6 hobgoblins
  7 jackals
  A quokka (D:2)
  3 frilled lizards
  2 kobolds (D:3)
  4 rats
72 creatures vanquished.

Notes
Turn   | Place    | Note
-------+----------+-------------------------------------------
     0 | D:1      | ytrimaz the Octopode Transmuter began the quest for the
                  | Orb.
     0 | D:1      | Reached XP level 1. HP: 13/13 MP: 3/3
   160 | D:1      | Reached XP level 2. HP: 12/18 MP: 5/5
   401 | D:1      | Identified a scroll of acquirement
   401 | D:1      | Acquired 817 gold pieces
   722 | D:1      | Reached XP level 3. HP: 22/23 MP: 6/6
   743 | D:1      | Learned a level 3 spell: Spider Form
   996 | D:1      | Found a faded altar of an unknown god.
  1436 | D:1      | Reached XP level 4. HP: 9/29 MP: 7/7
  2049 | D:2      | Found a glowing silver altar of Zin.
  2068 | D:2      | Reached skill level 4 in Unarmed Combat
  3067 | D:3      | Reached XP level 5. HP: 21/34 MP: 4/8
  3303 | D:3      | Found a glowing silver altar of Zin.
  3303 | D:3      | Found a bloodstained altar of Trog.
  3449 | D:3      | Found Basch's Armour Boutique.
  3514 | D:3      | Found a burning altar of Makhleb.
  3539 | D:3      | Reached skill level 5 in Unarmed Combat
  3545 | D:3      | Reached XP level 6. HP: 11/41 MP: 7/9
  4181 | D:4      | Noticed Grinder
  4181 | D:4      | Paralysed by Grinder for 4 turns
  4203 | D:4      | Paralysed by Grinder for 6 turns
  4207 | D:4      | HP: 1/41 [Grinder (10)]
  4207 | D:4      | Slain by Grinder

Illustrated notes

Levels and vault maps discovered:
D:1:      lightli_iron_boxes, layout_basic,
          hellmonk_ecumenical_altar_defaced_shrine
D:2:      layout_loops_corners, basic_altar
D:3:      layout_rooms, demons_altar, jmf_multi_god_temple, serial_shops,
          nicolae_shop_trees, kennysheep_generic_room_14
D:4:      layout_basic, nicolae_qazlal_scattered_showers,
          mainiacjoe_overflow_tiny_flanked, minmay_temple_entry_antechambers,
          uniq_grinder

Skill      XL: |  1  2  3  4  5 |
---------------+----------------+-----
Fighting       | 2 |  2.7
Unarmed Combat | 4 5 |  5.6
Dodging        | |  2.0
Spellcasting   | |  2.7
Transmutations | |  2.7
Poison Magic   | |  0.4

Action                   |  1- 3 |  4- 6 || total
-------------------------+-------+-------++-------
Melee: Unarmed           |    98 |   108 ||   206
       Constrict         |    31 |    13 ||    44
       Tentacles         |    14 |    12 ||    26
       Kick              |     4 |     3 ||     7
       Punch             |       |     2 ||     2
 Cast: Beastly Appendage |     8 |     5 ||    13
       Spider Form       |       |     5 ||     5
  Use: Scroll            |     2 |     2 ||     4
       Potion            |     1 |     1 ||     2
 Stab: Sleeping          |     3 |     7 ||    10
Armor: Skin              |    13 |     3 ||    16
Dodge: Dodged            |    79 |    97 ||   176

Table legend: (Time is in decaauts)
 A = Elapsed time spent in this place.
 B = Non-inter-level travel time spent in this place.
 C = Inter-level travel time spent in this place.
 D = Time resting spent in this place.
 E = Time spent auto-exploring this place.
 F = Levels seen in this place.
 G = Mean time per level.
                   A        B        C        D        E       F      G
               +--------+--------+--------+--------+--------+-----+--------+
         Total |   4171 |   4134 |     37 |      0 |   3586 |   4 | 1042.8 |
       Dungeon |   4171 |   4134 |     37 |      0 |   3586 |   4 | 1042.8 |
               +--------+--------+--------+--------+--------+-----+--------+

Top non-repeatable levels by time:
     D:1: 1779 daAuts
     D:2: 1239 daAuts
     D:3: 1099 daAuts
     D:4: 53 daAuts
